 Dungeon Crawl Stone Soup version 0.29.0-3-gbb0933ed62 (webtiles) character file.

Game seed: 12386611263707673648

2632 Kordrann the Fighter (level 9, -8/83 HPs)
             Began as a Hill Orc Fighter on Aug 25, 2022.
             Was an Initiate of Yredelemnul.
             Mangled by a two-headed ogre
             ... wielding a +0 giant club
              (21 damage)
             ... on level 8 of the Dungeon.
             The game lasted 00:37:14 (7063 turns).

Kordrann the Fighter (Hill Orc Fighter)             Turns: 7063, Time: 00:37:14

Health: -8/83      AC: 16    Str: 23    XL:     9   Next: 61%
Magic:  9/9        EV:  7    Int:  8    God:    Yredelemnul [......]
Gold:   219        SH:  5    Dex: 10    Spells: 8/8 levels left

rFire   + . .      SeeInvis .   q - +9 flail "Rul Risi" {freeze, rC+}
rCold   + . .      Faith    .   c - +0 buckler
rNeg    . . .      Spirit   .   C - +0 plate armour
rPois   .          Reflect  .   x - +0 helmet
rElec   .          Harm     .   (no cloak)
rCorr   .          Rampage  .   (no gloves)
Will    .....                   e - +0 pair of boots
Stlth   ..........              (no amulet)
HPRegen 0.23/turn               t - ring of protection from fire
MPRegen 0.11/turn               (no ring)

@: about to teleport, studying Fighting
A: no striking features
a: Renounce Religion, Recall Undead Harvest


You were on level 8 of the Dungeon.
You worshipped Yredelemnul.
Yredelemnul was noncommittal.
You visited 2 branches of the dungeon, and saw 9 of its levels.

You collected 354 gold pieces.
You spent 115 gold pieces at shops.
You donated 20 gold pieces to Zin.

Inventory:

Hand Weapons
 a - a +0 vorpal war axe
 q - the +9 flail "Rul Risi" (weapon) {freeze, rC+}
   (You found it on level 3 of the Dungeon)

   It freezes those it strikes, dealing additional cold damage.
   It can also slow down cold-blooded creatures.
   rC:        It protects you from cold.
 B - the +7 hand axe of Death {flame, Drain Will+++ SInv Stlth-}
   (You found it on level 6 of the Dungeon)

   It burns those it strikes, dealing additional fire damage.
   Big, fiery blades are also staple armaments of hydra-hunters.
   SInv:      It lets you see invisible.
   Drain:     It drains your maximum health when unequipped.
   Will:      It greatly increases your willpower.
   Stlth:     It makes you less stealthy.
Missiles
 o - 4 javelins (quivered)
Armour
 b - a +1 scale mail
 c - a +0 buckler (worn)
 e - a +0 pair of boots (worn)
 x - a +0 helmet (worn)
 C - a +0 plate armour (worn)
Jewellery
 t - a ring of protection from fire (left hand)
Scrolls
 f - 2 scrolls of torment {unknown}
 g - a scroll of amnesia {unknown}
 h - 4 scrolls of identify
 i - 3 scrolls of teleportation
 y - a scroll of magic mapping
Potions
 d - 2 potions of might
 p - a potion of ambrosia
 u - a potion of invisibility
 z - 2 potions of haste


   Skills:
 + Level 9.2 Fighting
 + Level 4.9(7.5) Axes
 + Level 7.4(7.9) Maces & Flails
 + Level 8.5 Armour
 + Level 1.9 Dodging
 + Level 2.2 Stealth
 + Level 5.0 Shields
 + Level 0.1 Invocations


You had 8 spell levels left.
You didn't know any spells.
Your spell library contained the following spells:

 Spells                   Type           Power      Damage    Failure   Level
 Static Discharge         Conj/Air       0%         3-3/arc   100%        2
 Dispel Undead            Necr           0%         3d6       100%        4
 Sticky Flame             Conj/Fire      0%         2d3       100%        4
 Summon Lightning Spire   Summ/Air       0%         N/A       100%        4
 Storm Form               Tmut/Air       0%         N/A       100%        7
 Maxwell's Capacitive Co  Air            0%         ∞         100%        8


Dungeon Overview and Level Annotations

Branches:
Dungeon (8/15)             Temple (1/1) D:5
   Lair: D:8-11

Altars:
Ashenzari
Cheibriados
Dithmenos
Elyvilon
Fedhas
Hepliaklqana
Kikubaaqudgha
Makhleb
Okawaru
Qazlal
Sif Muna
Trog
Uskayaw
Vehumet
Wu Jian
Xom
Yredelemnul
Zin
The Shining One

Shops:
D:4 *   D:5 *(?


Message History

The two-headed ogre hits you with a +0 giant spiked club!
* * * LOW HITPOINT WARNING * * *
Your acid dragon zombie bites the two-headed ogre.
Your acid dragon zombie claws the two-headed ogre but does no damage.
As you read the scroll of teleportation, it crumbles to dust.
You feel strangely unstable.
Your acid dragon zombie bites the two-headed ogre.
Your acid dragon zombie claws the two-headed ogre but does no damage.
You block the two-headed ogre's attack.
The two-headed ogre hits you with a +0 giant spiked club.
* * * LOW HITPOINT WARNING * * *
Your acid dragon zombie bites the two-headed ogre!
Your acid dragon zombie claws the two-headed ogre.
Your surroundings suddenly seem different.
Found three items.
g - a scroll labelled IRON VOPUOS
i - 4 scrolls of teleportation (gained 1)
Found 4 stones.
The two-headed ogre shouts in stereo!
You see here 2 potions of degeneration.
Items here: )))) [[.
You see here a +0 leather armour of fire resistance.
A black bear comes into view.
Found a silvery potion.
The black bear growls angrily.
You sock the black bear! You freeze the black bear.
The black bear is moderately wounded.
You block the black bear's attack.
The black bear claws you but does no damage.
The black bear closely misses you.
You bludgeon the black bear!! You freeze the black bear!
You kill the black bear!
As you read the scroll of teleportation, it crumbles to dust.
You feel strangely unstable.
You see here a silvery potion.
You sock the two-headed ogre! You freeze the two-headed ogre.
The two-headed ogre is moderately wounded.
The two-headed ogre hits you with a +0 giant club!!
You die...
Your body rises from the dead as a mindless zombie.

#.###.####.......#.<
#.#.## ##.###..#.. #
##.## #.# #..#..
#.##...## #.# #.....
#.#.....#####O####.#..
#........##.(....O....
###.....###.#.........
##.O.## #.#..###.##.
##@## # #..# #.# ###
#..# #.### #..# #.#..
#..# #.... #..# ###.#
.# ##


You could see a two-headed ogre.

Vanquished Creatures
  An acid dragon (D:8)
  Duvessa (D:6)
  A black bear (D:8)
  3 ice beasts
  2 orc warriors
  4 ogres
  A centaur (D:8)
  A phantom (D:4)
  5 bullfrogs
  4 necrophages
  A scorpion (D:5)
  Dowan (D:6)
  3 vampire bats (D:5)
  A quasit (D:6)
  A jelly (D:4)
  5 hounds
  2 iguanas
  4 orc wizards
  6 adders
  3 gnolls (D:4)
  3 shadow imps
  2 white imps
  3 ufetubi
  A worm (D:3)
  A dart slug (D:2)
  8 orcs
  4 bats
  2 bat skeletons (D:5)
  5 bat zombies (D:5)
  3 endoplasms
  2 giant cockroaches
  5 goblins
  5 hobgoblins
  7 jackals
  3 kobolds
  7 quokkas
  2 ball pythons (D:4)
  4 frilled lizards
  4 rats
121 creatures vanquished.

Vanquished Creatures (collateral kills)
  An adder (D:6)
  An orc (D:6)
2 creatures vanquished.

Vanquished Creatures (others)
  A bullfrog zombie (D:6)
  An ogre zombie (D:7)
  An acid dragon zombie (D:8)
  An orc zombie (D:8)
  2 spectral ufetubi (D:6)
  A demonic plant (D:6)
7 creatures vanquished.

Grand Total: 130 creatures vanquished

Notes
Turn   | Place    | Note
-------+----------+-------------------------------------------
     0 | D:1      | Kordrann the Hill Orc Fighter began the quest for the Orb.
     0 | D:1      | Reached XP level 1. HP: 19/19 MP: 1/1
   205 | D:1      | Found a faded altar of an unknown god.
   222 | D:1      | Prayed at the altar of an unknown god.
   222 | D:1      | Became a worshipper of Zin the Law-Giver
   222 | D:1      | Reached * piety under Zin
   559 | D:1      | Reached ** piety under Zin
   569 | D:1      | Reached XP level 2. HP: 27/27 MP: 2/2
  1145 | D:2      | Reached skill level 4 in Fighting
  1145 | D:2      | Reached XP level 3. HP: 28/33 MP: 3/3
  1287 | D:2      | Reached XP level 4. HP: 34/40 MP: 4/4
  2257 | D:3      | Reached *** piety under Zin
  2332 | D:3      | Found a burning altar of Makhleb.
  2534 | D:3      | Identified the +9 flail "Rul Risi" {freeze, rC+}
  2852 | D:4      | Reached XP level 5. HP: 46/47 MP: 5/5
  3101 | D:4      | Found Woculur's Assorted Antiques.
  3107 | D:4      | Bought a viscous red potion for 25 gold pieces
  3128 | D:4      | Noticed an ogre
  3158 | D:4      | Killed an ogre
  3159 | D:4      | Reached skill level 1 in Maces & Flails
  3159 | D:4      | Reached XP level 6. HP: 54/55 MP: 6/6
  3161 | D:4      | Reached skill level 5 in Fighting
  3278 | D:4      | Reached skill level 5 in Armour
  3488 | D:4      | Reached XP level 7. HP: 57/61 MP: 7/7
  4003 | D:5      | Entered Level 5 of the Dungeon
  4003 | D:5      | Found Anec Cuj's Magic Scroll Boutique.
  4012 | D:5      | Reached skill level 6 in Fighting
  4016 | D:5      | Bought a scroll of enchant armour for 90 gold pieces
  4362 | D:5      | Found Ygoses's General Store.
  4413 | D:5      | Found an ancient bone altar of Kikubaaqudgha.
  4417 | D:5      | Reached XP level 8. HP: 71/71 MP: 8/8
  4532 | D:5      | Reached skill level 7 in Fighting
  4547 | D:5      | Found a staircase to the Ecumenical Temple.
  4592 | Temple   | Entered the Ecumenical Temple
  4599 | Temple   | Fell from the grace of Zin
  4599 | Temple   | Became a worshipper of Yredelemnul the Dark
  4860 | D:5      | Found Kanisty's Antique Weapon Emporium.
  4967 | D:6      | Reached skill level 5 in Maces & Flails
  5117 | D:6      | Reached skill level 1 in Dodging
  5122 | D:6      | Reached skill level 8 in Fighting
  5275 | D:6      | Noticed Duvessa
  5275 | D:6      | Noticed Dowan
  5284 | D:6      | Killed Dowan
  5285 | D:6      | Reached skill level 1 in Stealth
  5290 | D:6      | Killed Duvessa
  5464 | D:6      | Reached * piety under Yredelemnul
  5831 | D:6      | Identified the +7 hand axe of Death {flame, Drain Will+++
                  | SInv Stlth-}
  5930 | D:6      | Paralysed by the wrath of Zin for 5 turns
  6159 | D:7      | Reached XP level 9. HP: 55/70 MP: 9/9
  6169 | D:7      | Reached skill level 5 in Shields
  6700 | D:7      | Reached ** piety under Yredelemnul
  7005 | D:8      | Noticed a two-headed ogre
  7013 | D:8      | Reached skill level 9 in Fighting
  7017 | D:8      | HP: 2/83 [two-headed ogre/+0 giant club (4)]
  7063 | D:8      | Mangled by a two-headed ogre

Illustrated notes

Levels and vault maps discovered:
D:1:      minmay_arrival_jagged, layout_basic,
          shapermc_ecumenical_altar_starsandcircs
D:2:      layout_basic
D:3:      layout_loops_corners, mainiacjoe_overflow_brackets
D:4:      minmay_angry_zag, layout_loops_ring, serial_shops, shop,
          reono_crystal_passage
D:5:      layout_rooms, kennysheep_vampire_church, minmay_temple_entry_fiery,
          serial_shops, nicolae_shop_trees, shop, shop
D:6:      layout_loops_ring, serial_demonic, serial_demonic_g, serial_demonic_d,
          serial_demonic_f, serial_demonic_e, uniq_duvessa
D:7:      layout_basic
D:8:      layout_loops_ring, erik_lair_dragon, uniq_amaemon
Temple:   minmay_crystal_spiral_temple

Skill      XL: |  1  2  3  4  5  6  7  8  9 |
---------------+----------------------------+-----
Axes           | 3 4 |  4.9
Fighting       | 4 5 6 8 9 |  9.2
Armour         | 4 5 6 7 8 |  8.5
Maces & Flails | 1 3 4 6 7 |  7.4
Shields        | 4 5 |  5.0
Dodging        | 1 |  1.9
Stealth        | 1 2 |  2.2
Invocations    | |  0.1

Action                   |  1- 3 |  4- 6 |  7- 9 || total
-------------------------+-------+-------+-------++-------
Melee: War axe           |    61 |    35 |       ||    96
       Flail             |       |    48 |   161 ||   209
Invok: Recall Undead Har |       |       |     1 ||     1
  Use: Scroll            |     3 |     1 |     9 ||    13
       Potion            |     2 |     5 |     4 ||    11
Armor: Scale mail        |    30 |    41 |    48 ||   119
       Plate armour      |       |       |    24 ||    24
Dodge: Dodged            |    26 |    49 |    74 ||   149
Block: Buckler           |     9 |    21 |    34 ||    64
